 Dungeon Crawl Stone Soup version 0.23-a0-436-g57debff (webtiles) character file.

100 nikopol the Firebug (level 4, -5/24 HPs)
             Began as a Deep Elf Fire Elementalist on Nov 16, 2018.
             Slain by Sigmund
             ... wielding a +3 vampiric scythe
              (13 damage)
             ... on level 2 of the Dungeon.
             The game lasted 00:07:57 (2616 turns).

nikopol the Firebug (Deep Elf Fire Elementalist)    Turns: 2616, Time: 00:07:58

Health: -5/24      AC:  3    Str:  5    XL:     4   Next: 46%
Magic:  12/12      EV: 13    Int: 21    God:
Gold:   83         SH:  0    Dex: 15    Spells: 1/11 levels left

rFire    . . .     SeeInvis .   (no weapon)
rCold    . . .     Gourm    .   (no shield)
rNeg     + . .     Faith    .   a - +0 robe
rPois    .         Spirit   .   (no helmet)
rElec    .         Reflect  .   (no cloak)
rCorr    .         Harm     .   e - +0 pair of gloves
MR       .....                  (no boots)
Stlth    ++........             (no amulet)
HPRegen  0.08/turn              g - ring of positive energy
MPRegen  0.13/turn              (no ring)

@: no status effects
A: no striking features
a: no special abilities


You were on level 2 of the Dungeon.
You were very hungry.

You visited 1 branch of the dungeon, and saw 2 of its levels.

You collected 83 gold pieces.

Inventory:

Armour
 a - a +0 robe (worn)
 e - a +0 pair of gloves (worn)
Jewellery
 g - a ring of positive energy (left hand)
Wands
 l - a wand of digging (7)
Scrolls
 b - 2 scrolls of enchant armour {unknown}
 d - 6 scrolls of identify {unknown}
 f - 3 scrolls of remove curse {unknown}
 h - 2 scrolls of fog {unknown}
 o - 2 scrolls of teleportation {unknown}
Potions
 i - 2 potions of lignification {unknown}
 j - a potion of flight {unknown}
 k - a potion of mutation {unknown}
 m - a potion of haste {unknown}
 p - a potion of agility {unknown}
Comestibles
 c - 6 rations


   Skills:
 + Level 2.9 Dodging
 + Level 3.0 Stealth
 + Level 4.1 Spellcasting
 + Level 2.4 Conjurations
 + Level 4.2 Fire Magic


You had one spell level left.
You knew the following spells:

 Your Spells              Type           Power        Failure   Level  Hunger
a - Flame Tongue          Conj/Fire      ###..        3%          1    None
b - Throw Flame           Conj/Fire      ###...       4%          2    #......
c - Conjure Flame         Conj/Fire      ###.....     9%          3    ###....
d - Sticky Flame          Conj/Fire      ###.....     30%         4    ####...

Your spell library contained the following spells:

 Spells                   Type           Power        Failure   Level  Hunger
 Inner Flame              Hex/Fire       ##......     16%         3    ###....
 Fireball                 Conj/Fire      ###.......   63%         5    ######.


Dungeon Overview and Level Annotations

Branches:
Dungeon (2/15)

Altars:
Xom

Annotations:
D:2 Sigmund


Message History

You are confused.
You bump into the rock wall.
You bump into the rock wall.
You bump into the rock wall.
You feel less confused. Something hits you!
A puff of flame appears from out of thin air!
The puff of flame hits you!
* * * LOW HITPOINT WARNING * * *
You are confused.
You bump into the rock wall.
Something barely misses you.
You bump into the rock wall.
You feel less confused.
You hear some strange, mumbled words.
Something tries to affect you, but you resist.
There is a stone staircase leading down here.
Something hits you!
Ouch! That really hurt!
You die...

### ###### #.#####
#..... #.....# ######
#.###. #.###.# #....#
#.# #. #.# #.# #.##.#
#.# #. #.###.######.##.#
#.###. #.#.............#
#.##..
#.##########.######.##..
#......@..........#.##..
#######..#.#......#.##..
#.......#....))..#.##..
#.####.####.##.#.#.##..
#................).....
############.#.#...#...
#<..#.#...#...
#####.#...###. ########
#.#..)# #.


There were no monsters in sight!

Vanquished Creatures
  3 adders (D:2)
  4 gnolls (D:2)
  A worm (D:2)
  2 dart slugs
  A leopard gecko (D:1)
  5 bats
  2 giant cockroaches (D:1)
  3 goblins (D:1)
  5 frilled lizards
  4 kobolds
  5 rats
  2 bushes (D:1)
37 creatures vanquished.

Notes
Turn   | Place    | Note
-------+----------+-------------------------------------------
     0 | D:1      | nikopol the Deep Elf Fire Elementalist began the quest for
                  | the Orb.
     0 | D:1      | Reached XP level 1. HP: 10/10 MP: 6/6
     0 | D:1      | Noticed a minotaur skeleton
    14 | D:1      | Noticed a minotaur skeleton
    16 | D:1      | Noticed a minotaur skeleton
    16 | D:1      | Noticed a minotaur skeleton
   328 | D:1      | Reached XP level 2. HP: 7/15 MP: 0/8
   679 | D:1      | Found a shimmering altar of Xom.
  1100 | D:1      | Learned a level 2 spell: Throw Flame
  1167 | D:2      | Reached XP level 3. HP: 14/19 MP: 2/10
  1172 | D:2      | Learned a level 3 spell: Conjure Flame
  1729 | D:2      | Found a faded altar of an unknown god.
  1779 | D:2      | Reached XP level 4. HP: 24/24 MP: 4/11
  2020 | D:2      | Noticed Sigmund
  2068 | D:2      | HP: 1/24 [something/magic dart (8)]
  2360 | D:2      | Learned a level 4 spell: Sticky Flame
  2616 | D:2      | Slain by Sigmund

Vault maps used:
D:1:      shiori_arrival_whats_in_store_for_you, serial_forest,
          infiniplex_forest_fountain, infiniplex_forest_straight_5,
          infiniplex_forest_straight_4, infiniplex_forest_end_2,
          infiniplex_forest_clump_curved, infiniplex_forest_end_double,
          infiniplex_forest_clump_large, infiniplex_forest_lined_4_way,
          infiniplex_forest_straight_1, xom_teletrap_fun
D:2:      first_ration, chequers_ecumenical_altar_grove, uniq_sigmund

Skill      XL: |  1  2  3  4 |
---------------+-------------+-----
Fire Magic     | 4 |  4.2
Conjurations   | 2 |  2.4
Stealth        | 3 |  3.0
Spellcasting   | 4 |  4.1
Dodging        | |  2.9

Action                   |  1- 3 |  4- 6 || total
-------------------------+-------+-------++-------
 Cast: Flame Tongue      |    69 |    25 ||    94
       Conjure Flame     |     2 |     2 ||     4
  Eat: Chunk             |     2 |     2 ||     4
Armor: Robe              |    13 |       ||    13
Dodge: Dodged            |    49 |     5 ||    54

Table legend:
 A = Non-vault XP
 B = Vault XP
 C = Vault XP percentage of total XP
 D = Non-vault monster count
 E = Vault monster count
 F = Vault count percentage of total count
                 A         B        C        D         E       F
            +---------+---------+-------+---------+---------+-------
      Total |     143 |       0 |   0.0 |      35 |       0 |   0.0
            +---------+---------+-------+---------+---------+-------
        D:1 |      32 |       0 |   0.0 |      20 |       0 |   0.0
        D:2 |     111 |       0 |   0.0 |      15 |       0 |   0.0
            +---------+---------+-------+---------+---------+-------
